Map: Proxima Station LE

Players

DarKicE - Winner!

  • Race: Terran Terran
  • League: Master
  • Spawn Location: 7:00

KatagiriAiri

  • Race: Protoss Protoss
  • League: Master
  • Spawn Location: 1:00

VOD

Have the link to the VOD?

Description

Time

  • Played on: Feb. 2, 2017, 12:47 a.m.
  • Length: 12:15
Show
View Real Time Build Order
Export as new Build Order

DarKicE Terran - Winner!

Build Orders: MMM Bio 

Get SALT Encoding   

  12  0:01  SCV  
  13  0:13  SCV  
  14  0:22  Supply Depot  
  14  0:25  SCV  
  14  0:28  Refinery  
  15  0:44  SCV  
  15  0:46  Barracks  
  16  0:56  SCV  
  17  1:08  SCV  
  18  1:20  SCV  
  19  1:34  Orbital Command  
  20  1:44  Marine  
  20  1:46  Command Center  
  20  1:55  Factory  
  20  2:00  SCV  
  21  2:06  Barracks Reactor  
  21  2:10  Supply Depot  
  21  2:13  SCV  
  22  2:25  SCV  
  22  2:27  Refinery  
  23  2:37  SCV  
  23  2:40  Starport  
  24  2:47  Hellion  
  24  2:48  Hellion  
  24  2:50  Marine  
  30  2:51  SCV  
  30  2:58  Orbital Command  
  30  3:04  SCV  
  31  3:16  SCV  
  31  3:17  Widow Mine, Marine x2  
  31  3:18  Medivac  
  38  3:23  Supply Depot  
  38  3:27  SCV  
  38  3:30  SCV  
  40  3:36  Supply Depot  
  40  3:39  SCV  
  41  3:49  SCV  
  41  3:51  SCV  
  41  3:52  Widow Mine, Marine x2  
  45  4:01  SCV  
  46  4:03  SCV  
  44  4:12  Marine x2  
  43  4:17  SCV  
  43  4:18  SCV  
  45  4:25  Factory Tech Lab, Starport Tech Lab  
  45  4:27  Barracks  
  45  4:28  Barracks  
  45  4:29  SCV  
  45  4:30  SCV, Marine x2  
  49  4:38  Supply Depot  
  49  4:41  SCV, Engineering Bay  
  49  4:42  SCV  
  51  4:47  Marine  
  51  4:48  Marine  
  51  4:49  Refinery  
  53  4:54  Starport Reactor, Factory Reactor, SCV x2  
  55  5:01  Supply Depot  
  55  5:05  Marine x2  
  55  5:06  SCV x2  
  59  5:08  Terran Infantry Weapons Level 1  
  59  5:18  Command Center  
  59  5:19  SCV  
  59  5:20  SCV  
  61  5:22  Marauder  
  61  5:23  Marauder, Stimpack, Combat Shields  
  61  5:25  Marine x2  
  67  5:31  Widow Mine x2  
  67  5:35  Refinery  
  71  5:36  Supply Depot  
  71  5:37  SCV x2  
  71  5:43  Missile Turret  
  71  5:45  Missile Turret  
  71  5:50  Medivac x2  
  75  5:58  Marine x3  
  75  5:59  Supply Depot, Marine  
  75  6:02  Supply Depot  
  79  6:06  Liberator  
  79  6:08  Liberator  
  79  6:15  Widow Mine x2  
  79  6:16  SCV  
  84  6:19  Supply Depot  
  84  6:21  Supply Depot, Marine x4  
  91  6:28  SCV  
  91  6:31  Supply Depot  
  93  6:44  SCV  
  93  6:48  Marine x3  
  93  6:49  Widow Mine x2, Marine  
  93  6:52  SCV  
  102  6:55  Supply Depot  
  102  6:56  SCV  
  102  6:59  Orbital Command  
  103  7:03  Terran Infantry Armor Level 1  
  103  7:04  SCV  
  104  7:08  SCV  
  104  7:11  Marine x3  
  104  7:12  Marine  
  107  7:16  Missile Turret, SCV  
  107  7:20  SCV  
  107  7:26  Missile Turret  
  107  7:29  Marine x3  
  109  7:30  SCV  
  109  7:32  Marine  
  109  7:33  SCV  
  113  7:37  Barracks x2  
  113  7:45  SCV  
  113  7:47  Marine x2  
  113  7:48  Marauder  
  118  7:58  Marauder  
  97  8:05  Marine x2  
  93  8:09  Marauder  
  90  8:13  Widow Mine x2  
  90  8:14  Medivac  
  90  8:15  SCV, Medivac  
  90  8:17  Supply Depot  
  90  8:18  SCV, Marine  
  98  8:22  Marine  
  98  8:23  Marine  
  98  8:26  Barracks Reactor  
  100  8:27  Barracks Reactor, SCV x2  
  100  8:30  Marine  
  98  8:35  Liberator x2  
  98  8:36  Marine  
  99  8:43  SCV x2  
  99  8:44  SCV  
  102  8:49  Engineering Bay  
  102  8:51  Armory  
  108  8:55  SCV  
  108  8:56  SCV x2, Refinery  
  108  8:57  Starport, Refinery  
  108  9:00  Marine x4  
  115  9:04  Marine x3  
  115  9:05  Marine  
  115  9:08  SCV x3  
  122  9:17  Liberator x2, Marine  
  121  9:18  Liberator x2, Marine  
  123  9:27  Supply Depot  
  123  9:30  Marine x5  
  126  9:37  Terran Infantry Weapons Level 2  
  138  9:38  Terran Infantry Armor Level 2  
  138  9:39  Supply Depot  
  138  9:41  Supply Depot, Terran Ship Weapons Level 1  
  138  9:47  Marine  
  139  9:53  Missile Turret  
  139  9:54  Marine x4  
  139  9:55  Marine x3  
  146  10:04  SCV  
  146  10:05  Liberator, SCV, Marine  
  146  10:06  Liberator  
  147  10:12  Marine x3  
  147  10:13  Marine x3  
  153  10:16  SCV  
  153  10:19  Medivac  
  156  10:21  Liberator  
  160  10:29  Command Center  
  160  10:32  Liberator  
  162  10:46  SCV  
  162  10:47  Marine x4  
  162  10:48  Supply Depot, Marine x4  
  174  10:58  Supply Depot  
  174  10:59  Supply Depot  
  174  11:05  Marine  
  174  11:06  Marine  
  174  11:07  Marauder, Missile Turret, Marine x3  
  174  11:08  Missile Turret  
  174  11:09  Marine x2  
  183  11:12  Supply Depot  
  183  11:15  Liberator  
  183  11:23  Marine  
  183  11:24  Marine x4  
  188  11:27  Marine x3  
  158  11:40  Marine  
  158  11:42  Marine x4  
  158  11:45  Marine x3  
Show
View Real Time Build Order
Export as new Build Order

KatagiriAiri Protoss 

Build Orders: 1 Gate Expand, Oracle Opening 

Get SALT Encoding   

  12  0:01  Probe (Chrono Boost)  
  13  0:12  Probe (Chrono Boost)  
  14  0:18  Pylon  
  14  0:23  Probe (Chrono Boost)  
  15  0:36  Probe (Chrono Boost)  
  15  0:37  Gateway  
  16  0:43  Assimilator  
  16  0:46  Probe (Chrono Boost)  
  18  0:57  Probe (Chrono Boost)  
  18  1:08  Probe (Chrono Boost)  
  20  1:18  Probe (Chrono Boost)  
  20  1:29  Nexus  
  20  1:31  Probe (Chrono Boost)  
  21  1:42  Cybernetics Core  
  21  1:45  Probe (Chrono Boost)  
  22  1:49  Assimilator  
  22  1:56  Pylon  
  22  1:59  Probe (Chrono Boost)  
  23  2:15  Adept, Probe (Chrono Boost)  
  26  2:26  Stargate  
  26  2:29  Probe (Chrono Boost)  
  27  2:31  Warp Gate  
  27  2:43  Probe x2 (Chrono Boost)  
  27  2:44  Pylon  
  29  2:53  Probe (Chrono Boost)  
  29  2:57  Probe (Chrono Boost)  
  31  3:00  Adept  
  31  3:04  Oracle  
  31  3:05  Probe (Chrono Boost)  
  34  3:10  Probe (Chrono Boost)  
  38  3:15  Probe (Chrono Boost)  
  39  3:23  Mothership Core (Chrono Boost)  
  39  3:26  Probe (Chrono Boost)  
  42  3:30  Adept  
  42  3:33  Assimilator  
  44  3:36  Assimilator  
  44  3:37  Probe (Chrono Boost)  
  40  3:49  Probe x2 (Chrono Boost)  
  41  4:00  Probe (Chrono Boost)  
  41  4:01  Probe (Chrono Boost)  
  43  4:10  Probe (Chrono Boost)  
  43  4:13  Probe (Chrono Boost)  
  43  4:14  Phoenix  
  45  4:21  Probe (Chrono Boost)  
  49  4:25  Probe (Chrono Boost)  
  49  4:29  Fleet Beacon  
  50  4:31  Probe (Chrono Boost)  
  50  4:35  Gateway  
  50  4:36  Phoenix  
  50  4:37  Probe (Chrono Boost)  
  51  4:39  Pylon  
  51  4:41  Pylon  
  51  4:42  Probe (Chrono Boost)  
  51  4:49  Probe (Chrono Boost)  
  51  4:52  Probe (Chrono Boost)  
  53  4:59  Phoenix  
  53  5:01  Pylon  
  53  5:02  Probe (Chrono Boost)  
  56  5:07  Pylon  
  56  5:10  Robotics Facility  
  56  5:13  Probe (Chrono Boost)  
  56  5:14  Probe (Chrono Boost)  
  58  5:17  Carrier  
  64  5:51  Nexus  
  64  5:53  Pylon  
  64  5:56  Gateway  
  64  5:58  Observer  
  65  6:07  Stargate  
  65  6:17  Adept x2  
  69  6:20  Graviton Catapult, Probe (Chrono Boost)  
  76  6:29  Probe (Chrono Boost)  
  77  6:36  Carrier  
  77  6:51  Zealot x2  
  87  6:55  Pylon  
  87  6:59  Pylon  
  87  7:04  Pylon  
  87  7:06  Carrier  
  87  7:08  Pylon  
  93  7:26  Zealot  
  93  7:28  Zealot x2  
  100  7:30  Probe (Chrono Boost)  
  100  7:31  Assimilator  
  100  7:32  Protoss Air Weapons Level 1  
  100  7:34  Assimilator  
  100  7:38  Probe (Chrono Boost)  
  101  7:44  Stargate  
  84  7:59  Adept x2  
  84  8:00  Adept  
  87  8:05  Probe (Chrono Boost)  
  87  8:06  Pylon  
  87  8:14  Probe (Chrono Boost)  
  87  8:15  Probe (Chrono Boost)  
  90  8:20  Probe (Chrono Boost)  
  90  8:25  Probe (Chrono Boost)  
  90  8:26  Twilight Council  
  89  8:28  Carrier  
  89  8:33  Adept  
  89  8:34  Adept x2  
  89  8:39  Probe (Chrono Boost)  
  89  8:40  Carrier  
  102  8:59  Probe x2 (Chrono Boost)  
  102  9:01  Assimilator  
  104  9:03  Pylon  
  104  9:05  Adept x3  
  104  9:08  Resonating Glaives  
  104  9:09  Probe (Chrono Boost)  
  111  9:10  Cybernetics Core  
  111  9:16  Gateway  
  111  9:19  Pylon  
  111  9:23  Probe (Chrono Boost)  
  112  9:29  Adept x3  
  118  9:31  Carrier  
  118  9:38  Probe x2 (Chrono Boost)  
  127  9:39  Probe (Chrono Boost)  
  127  9:48  Probe x2 (Chrono Boost)  
  127  9:49  Protoss Air Weapons Level 2  
  127  9:50  Protoss Air Armor Level 1  
  128  9:53  Carrier  
  124  10:06  Probe (Chrono Boost)  
  131  10:14  Probe (Chrono Boost)  
  132  10:18  Pylon  
  133  10:28  Adept x2, Probe (Chrono Boost)  
  133  10:29  Adept  
  139  10:40  Carrier  
  145  10:44  Probe x2 (Chrono Boost)  
  145  10:45  Probe (Chrono Boost)  
  148  10:52  Forge  
  148  10:53  Pylon  
  148  10:58  Nexus  
  148  11:01  Pylon  
  154  11:13  Pylon  
  154  11:14  Pylon  
  154  11:22  Pylon  
  151  11:33  Adept x3  
  105  11:59  Adept x3  
Tags
 
Add a new tag
Caveats
  • Supply blocks, unpowered buildings, or Contaminate may cause inaccurate times.
  • Supply counts are checked every 10 seconds.